 Dungeon Crawl Stone Soup version 0.28-a0-895-g6e5f11bd55 (webtiles) character file.

Game seed: 17663514413603168402

2815 Twinkles the Skirmisher (level 10, -2/79 HPs)
             Began as a Human Berserker on Nov 22, 2021.
             Was a Priest of Trog.
             Killed from afar by an orc (18 damage)
             ... with a bolt of acid
             ... on level 7 of the Dungeon on Nov 23, 2021.
             The game lasted 00:42:31 (9653 turns).

Twinkles the Skirmisher (Human Berserker)           Turns: 9653, Time: 00:42:32

Health: -2/79      AC:  8    Str: 20    XL:     10   Next: 2%
Magic:  10/10      EV: 10    Int:  7    God:    Trog [***...]
Gold:   388        SH:  5    Dex: 14    Spells: 9/9 levels left

rFire   . . .      SeeInvis .   i - +2 battleaxe (elec)
rCold   . . .      Faith    .   (shield currently unavailable)
rNeg    . . .      Spirit   .   L - +0 chain mail
rPois   .          Reflect  +   l - +0 helmet
rElec   .          Harm     .   x - +0 cloak
rCorr   .          Rampage  .   w - +0 pair of gloves
Will    .....                   I - +1 pair of boots
Stlth   ..........              z - amulet of reflection
HPRegen 0.23/turn               (no ring)
MPRegen 0.12/turn               (no ring)

@: corroded
A: no striking features
a: Renounce Religion, Berserk, Trog's Hand


You were on level 7 of the Dungeon.
You worshipped Trog.
Trog was most pleased with you.
You visited 1 branch of the dungeon, and saw 8 of its levels.
You also visited: Ossuary.

You collected 388 gold pieces.

Inventory:

Hand Weapons
 a - a +0 vorpal war axe
 b - a +0 hunting sling
 h - a +1 dagger of freezing
 i - a +2 battleaxe of electrocution (weapon)
 k - a +4 dagger of holy wrath
Missiles
 c - 22 poisoned darts (quivered)
 j - 189 sling bullets
 s - 167 stones
 v - 2 boomerangs of dispersal
 A - 3 boomerangs
Armour
 e - a +0 scale mail
 l - a +0 helmet (worn)
 m - a +0 animal skin
 u - a +0 ring mail
 w - a +0 pair of gloves (worn)
 x - a +0 cloak (worn)
 I - a +1 pair of boots (worn)
 L - a +0 chain mail (worn)
Jewellery
 z - an amulet of reflection (around neck)
 D - a ring of resist corrosion
Wands
 q - a wand of flame (32)
Scrolls
 d - a scroll of immolation {unknown}
 f - 3 scrolls of noise
 n - 2 scrolls of enchant armour
 o - a scroll of amnesia {unknown}
 p - 2 scrolls of brand weapon
 y - a scroll of acquirement
 C - a scroll of holy word {unknown}
 E - 3 scrolls of fear
 K - a scroll of blinking {unknown}
 M - a scroll of summoning {unknown}
 X - 2 scrolls of magic mapping
 Y - 5 scrolls of teleportation
Potions
 g - a potion of might {unknown}
 t - a potion of invisibility {unknown}
 B - 2 potions of brilliance
 F - a potion of resistance {unknown}
 G - 2 potions of ambrosia
 H - 3 potions of haste
 J - 2 potions of curing
 N - 3 potions of heal wounds
 Q - 2 potions of magic


   Skills:
 + Level 7.2 Fighting
 + Level 6.9 Axes
 + Level 6.9 Armour
 - Level 6.9 Dodging


You had 9 spell levels left.
You didn't know any spells.
Your spell library was empty.

Dungeon Overview and Level Annotations

Branches:
Dungeon (8/15)             Temple (0/1) D:6         Ossuary (visited)
   Lair: D:8-11

Altars:
Ashenzari
Fedhas
Gozag
Nemelex Xobeh
Sif Muna
Xom

Shops:
D:7 =

Annotations:
D:2 1 runed translucent door, Crazy Yiuf
D:6 1 runed translucent door, siradein's ghost, novice MfGl
D:8 Erica


Message History

The orc hits you but does no damage.
You are confused.
In your confused state, you trip and fall back down the stairs.
The orc priest misses you.
The orc zaps a wand.
The bolt of acid hits you. The acid corrodes you! The orc closely misses you.
The orc priest barely misses you. The orc closely misses you.
The orc barely misses you. The orc hits you but does no damage.
You climb upwards.
Reactivating autopickup.
There is a stone staircase leading down here.
You barely miss the orc. x2; You miss the orc.
The orc zaps a wand.
The bolt of acid hits you!! The acid corrodes you!
The orc hits you with a +0 hand axe. The orc hits you but does no damage.
The orc barely misses you. The orc barely misses you.
You feel less confused.
The orc zaps a wand.
The bolt of acid hits the orc.
The acid corrodes the orc!
The bolt of acid hits you!
* * * LOW HITPOINT WARNING * * *
Press: ? - help, v - describe, . - travel
Here: an orc, wielding a +1 hand axe of flaming and carrying a wand of acid (6)
The floor.
Unknown command.
Unknown command.
You slash the orc!
You kill the orc!
Trog accepts your kill.
You slash the orc!
You kill the orc!
Trog accepts your kill.
You closely miss the orc.
The orc hits you with a +1 hand axe of flaming.
* * * LOW HITPOINT WARNING * * *
The orc burns you.
* * * LOW HITPOINT WARNING * * *
The orc hits you but does no damage.
You hit the orc.
The orc is heavily wounded.
The orc zaps a wand.
The bolt of acid hits you!!
You die...

..####..'.8...8.#................
..## ####..._...#............#...
...###..#.......#.........).####.
........##..⌠..##..........## ##
..###....##...##...........# ..#
#.....#####..#........## ..#
##..###.#.............####
..####....#....).............#
.............>.o@.#..........#
.#....#..........##.......<..#
##....##.................#####
##..####.....#..........##
....#####..#.##.#......## ....).#
##########...### .....## #####
..#### ###


You could see an orc.

Vanquished Creatures
  Grinder (D:3)
  Eustachio (D:6)
  Menkaure (D:6)
  3 black bears
  4 ogres
  2 centaurs
  A phantom (D:5)
  Blork the orc (D:6)
  2 bullfrogs
  2 scorpions
  3 wights (D:6)
  5 centaur zombies (Ossuary)
  3 orc priests
  2 hounds
  3 centaur skeletons
  2 gnoll shamans
  A bullfrog skeleton (D:6)
  Jessica (D:2)
  7 orc wizards
  A killer bee zombie (D:6)
  A hound zombie (D:5)
  2 hound skeletons
  6 mummies (Ossuary)
  Robin (D:2)
  5 gnolls (D:5)
  10 adders
  A shadow imp (D:7)
  An ufetubus (D:6)
  An adder skeleton (D:4)
  A worm (D:2)
  2 dart slugs (D:4)
  26 orcs
  11 ball pythons
  3 bats
  10 endoplasms
  2 giant cockroaches
  11 goblins
  6 hobgoblins
  2 jackals (D:1)
  4 quokkas
  5 hobgoblin zombies (Ossuary)
  8 kobolds
  2 rats
167 creatures vanquished.

Notes
Turn   | Place    | Note
-------+----------+-------------------------------------------
     0 | D:1      | Twinkles the Human Berserker began the quest for the Orb.
     0 | D:1      | Reached XP level 1. HP: 18/18 MP: 1/1
   141 | D:1      | Reached XP level 2. HP: 22/24 MP: 2/2
   913 | D:1      | Reached XP level 3. HP: 17/29 MP: 3/3
  1622 | D:2      | Noticed Jessica
  1630 | D:2      | Killed Jessica
  1631 | D:2      | Reached XP level 4. HP: 36/36 MP: 4/4
  1896 | D:2      | Noticed Robin
  1919 | D:2      | Killed Robin
  1920 | D:2      | Reached XP level 5. HP: 42/42 MP: 5/5
  2241 | D:2      | Reached ** piety under Trog
  2550 | D:2      | Found a runed translucent door.
  2551 | D:2      | Noticed Crazy Yiuf
  3051 | D:3      | Reached skill level 4 in Fighting
  3322 | D:3      | Found a faded altar of an unknown god.
  3509 | D:3      | Noticed Grinder
  3509 | D:3      | Paralysed by Grinder for 5 turns
  3522 | D:3      | Killed Grinder
  3523 | D:3      | Reached XP level 6. HP: 49/49 MP: 6/6
  3893 | D:4      | Reached XP level 7. HP: 55/55 MP: 7/7
  4250 | D:4      | Reached skill level 5 in Fighting
  4739 | D:4      | Reached XP level 8. HP: 56/62 MP: 8/8
  4814 | D:4      | Identified the +2 leather armour of the Marlin {rF+ rC- rN+
                  | Int+8}
  5191 | D:5      | Entered Level 5 of the Dungeon
  5550 | D:5      | Reached skill level 5 in Armour
  5550 | D:5      | Reached skill level 5 in Dodging
  5693 | D:5      | Reached skill level 5 in Axes
  5865 | D:5      | Found a shimmering blue altar of Sif Muna.
  6282 | D:5      | Reached *** piety under Trog
  6283 | D:5      | Reached skill level 6 in Fighting
  6605 | D:6      | Noticed Eustachio
  6626 | D:6      | Reached XP level 9. HP: 69/69 MP: 9/9
  6717 | D:6      | Killed Eustachio
  6797 | D:6      | Found a runed translucent door.
  6798 | D:6      | Found a shimmering altar of Xom.
  6798 | D:6      | Noticed siradein's ghost (novice MfGl)
  6798 | D:6      | Noticed a +1 quarterstaff of chaos
  7007 | D:6      | Noticed Menkaure
  7033 | D:6      | Killed Menkaure
  7387 | D:6      | Found a staircase to the Ecumenical Temple.
  7407 | D:6      | Found a glowing golden altar of the Shining One.
  7409 | D:6      | Found a glowing golden altar of the Shining One.
  7409 | D:6      | Found a shimmering altar of Xom.
  7411 | D:6      | Found a shimmering altar of Xom.
  7411 | D:6      | Found a hide-covered altar of Uskayaw.
  7411 | D:6      | Found a shimmering altar of Xom.
  7708 | D:6      | Noticed Blork the orc
  7724 | D:6      | Killed Blork the orc
  8363 | D:7      | Found a sparkling altar of Nemelex Xobeh.
  8363 | D:7      | Found an opulent altar of Gozag.
  8448 | D:7      | Found Xeit's Jewellery Boutique.
  8634 | D:7      | Found a broken altar of Ashenzari.
  8969 | D:7      | Reached skill level 7 in Fighting
  9132 | D:7      | Found a blossoming altar of Fedhas.
  9290 | D:8      | Found a sand-covered staircase.
  9296 | D:8      | Identified 2 scrolls of acquirement
  9298 | Ossuary  | Entered an ossuary
  9424 | Ossuary  | Reached XP level 10. HP: 65/79 MP: 10/10
  9561 | D:8      | Acquired a +2 battleaxe of electrocution
  9639 | D:8      | Noticed Erica
  9650 | D:7      | HP: 21/79 [orc/bolt of acid (16)]
  9653 | D:7      | Killed from afar by an orc

Illustrated notes

Levels and vault maps discovered:
D:1:      saegor_arrival_simple_c, layout_loops_ring
D:2:      layout_loops_cross, lemuel_old_faithful, uniq_crazy_yiuf_cottage,
          uniq_robin, uniq_jessica
D:3:      layout_rooms, hellmonk_ecumenical_altar_heavens_door, uniq_grinder
D:4:      minmay_octagon_keep, layout_loops_corners
D:5:      layout_loops_ring, overflow_temple_1_default
D:6:      layout_cave_pods, doesnt_xom_only_xom, minmay_temple_entry_crystal_x,
          ebering_ghost_xom, uniq_eustachio, uniq_blork_the_orc, uniq_menkaure
D:7:      layout_cave_pools, grunt_temple_overflow_opulence,
          fedhas_bush_and_centaur_altar, nicolae_ashenzari_panopticon,
          serial_shops, shop_statue
D:8:      layout_basic, enter_ossuary_2, amcnicky_mini_rare_corridor_liquid,
          kennysheep_windowed_goal, uniq_erica

Skill      XL: |  1  2  3  4  5  6  7  8  9 |
---------------+----------------------------+-----
Dodging        | 3 4 5 6 |  6.9
Armour         | 3 4 5 6 |  6.9
Fighting       | 4 5 6 7 |  7.2
Axes           | 4 5 6 |  6.9

Action                   |  1- 3 |  4- 6 |  7- 9 | 10-12 || total
-------------------------+-------+-------+-------+-------++-------
Melee: Hand axe          |    52 |       |       |       ||    52
       Dagger            |    33 |    88 |       |       ||   121
       War axe           |       |    34 |   393 |     8 ||   435
       Battleaxe         |       |       |       |     6 ||     6
 Fire: Hunting sling     |       |       |     2 |       ||     2
Throw: Dart              |       |     4 |     4 |       ||     8
Invok: Berserk           |     3 |     3 |     8 |       ||    14
       Trog's Hand       |       |     1 |     6 |       ||     7
  Use: Scroll            |       |     4 |     6 |     4 ||    14
 Stab: Sleeping          |     1 |     2 |       |       ||     3
Armor: Animal skin       |    16 |    15 |       |       ||    31
       Ring mail         |       |     7 |    21 |       ||    28
       Scale mail        |       |       |   139 |       ||   139
       Chain mail        |       |       |    47 |    10 ||    57
Dodge: Dodged            |    42 |    65 |   252 |     8 ||   367
Block: Other             |       |       |    59 |     1 ||    60
       Reflection        |       |       |     2 |       ||     2

Table legend: (Time is in decaauts)
 A = Elapsed time spent in this place.
 B = Non-inter-level travel time spent in this place.
 C = Inter-level travel time spent in this place.
 D = Time resting spent in this place.
 E = Time spent auto-exploring this place.
 F = Levels seen in this place.
 G = Mean time per level.
                   A        B        C        D        E       F      G
               +--------+--------+--------+--------+--------+-----+--------+
         Total |   9891 |   9381 |    510 |   1813 |   5720 |   9 | 1099.0 |
       Dungeon |   9623 |   9113 |    510 |   1702 |   5695 |   8 | 1202.9 |
       Ossuary |    267 |    267 |      0 |    111 |     25 |   1 |  267.0 |
               +--------+--------+--------+--------+--------+-----+--------+

Top non-repeatable levels by time:
     D:1: 1696 daAuts
     D:6: 1576 daAuts
     D:5: 1546 daAuts
     D:2: 1488 daAuts
     D:4: 1344 daAuts
     D:7: 1090 daAuts
     D:3: 781 daAuts
 Ossuary: 267 daAuts
     D:8: 100 daAuts
